 Dungeon Crawl Stone Soup version 0.20.1-1-g8b1a95d (webtiles) character file.

13 juanjsm the Sneak (level 2, -1/13 HPs)
             Began as a Spriggan Enchanter on July 29, 2017.
             Slain by a jackal (3 damage)
             ... on level 1 of the Dungeon.
             The game lasted 00:02:20 (484 turns).

juanjsm the Sneak (Spriggan Enchanter)               Turns: 484, Time: 00:02:21

Health: -1/13      AC:  2    Str:  4    XL:     2   Next: 24%
Magic:  1/7        EV: 18    Int: 16    God:
Gold:   9          SH:  0    Dex: 16    Spells: 4/7 levels left

rFire    . . .     SeeInvis +   a - +1 dagger
rCold    . . .     Gourm    .   (shield restricted)
rNeg     . . .     Faith    .   b - +0 robe
rPois    .         Spirit   .   (helmet restricted)
rElec    .         Reflect  .   (no cloak)
rCorr    .         Harm     .   (gloves unavailable)
MR       .....                  (boots unavailable)
Stlth    +++.......             (no amulet)
Regen    0.1/turn               (no ring)
MPRegen  0.1/turn               (no ring)

@: very slightly contaminated, very quick
A: unfitting armour, see invisible, herbivore 3, speed 3, slow metabolism 2
a: no special abilities


You were on level 1 of the Dungeon.
You were not hungry.

You visited 1 branch of the dungeon, and saw 1 of its levels.

You collected 9 gold pieces.

Inventory:

Hand Weapons
 a - a +1 dagger (weapon)
Armour
 b - a +0 robe (worn)
Jewellery
 h - an uncursed ring of poison resistance {unknown}
Scrolls
 g - a scroll of remove curse {unknown}
Potions
 e - 2 potions of invisibility {unknown}
 f - a potion of might {unknown}
Books
 c - a book of Maledictions

   Spells                             Type                      Level
   a - Corona                         Hexes                        1
   b - Ensorcelled Hibernation        Hexes/Ice                    2
   c - Confuse                        Hexes                        3
   d - Tukima's Dance                 Hexes                        3
   e - Dazzling Spray                 Conjuration/Hexes            3
Comestibles
 d - a bread ration


   Skills:
 + Level 0.1 Fighting
 + Level 1.3 Short Blades
 + Level 3.1 Dodging
 + Level 4.9 Stealth
 + Level 3.0 Spellcasting
 + Level 3.7 Hexes


You had 4 spell levels left.
You knew the following spells:

 Your Spells              Type           Power        Failure   Level  Hunger
a - Corona                Hex            ##.....      4%          1    #......
b - Ensorcelled Hibernat  Hex/Ice        #.....       13%         2    ##.....


Dungeon Overview and Level Annotations

Branches:
Dungeon (1/15)

Altars:


Innate Abilities, Weirdness & Mutations

You are very small and have problems with some larger weapons.
You are too small for most types of armour.
You have supernaturally acute eyesight. (SInv)
You are a herbivore.
You cover ground extremely quickly.
You need consume almost no food.


Message History

You hit the jackal but do no damage.
The jackal is heavily wounded.
The bat closely misses you. The jackal bites you.
You closely miss the jackal.
The jackal is heavily wounded.
The bat barely misses you. The jackal bites you.
* * * LOW HITPOINT WARNING * * *
You barely miss the jackal.
The jackal is heavily wounded.
The bat closely misses you.
The jackal bites you but does no damage.
You hit the jackal but do no damage.
The jackal is heavily wounded.
The bat hits you.
* * * LOW HITPOINT WARNING * * *
The jackal barely misses you. The bat misses you. The jackal misses you.
You barely miss the jackal.
The jackal is heavily wounded.
The bat closely misses you. The jackal bites you.
You die...

#....##.[#..####..........
##....................###..
#P.....♣...♣..###.###.....#
#....≈≈♣.♣....# #.........#
##P.♣≈≈)≈♣≈P..♣...........#
###♣...≈≈≈≈♣♣..............#
#÷..P..≈≈♣≈≈..........######
#....♣..♣≈♣bP.......≈P
#####.....♣..♣♣@.##..#.♣≈P
#...........(hh#####.#.♣≈≈
##.P............# #.[......
♣P..............# #........
................# #........
.♣..♣...###'#######........
≈≈≈.....# #..†hh.†.....>...
≈≈≈♣....# #########...?....
≈≈♣≈P...# #........


You could see 2 jackals and a bat.

Vanquished Creatures
  A bat (D:1)
  A hobgoblin (D:1)
  2 jackals (D:1)
  3 kobolds (D:1)
  A goblin (D:1)
  6 rats (D:1)
14 creatures vanquished.

Notes
Turn   | Place    | Note
-------+----------+-------------------------------------------
     0 | D:1      | juanjsm the Spriggan Enchanter began the quest for the Orb.
     0 | D:1      | Reached XP level 1. HP: 9/9 MP: 5/5
   152 | D:1      | Reached XP level 2. HP: 6/13 MP: 6/6
   156 | D:1      | Learned a level 2 spell: Ensorcelled Hibernation
   484 | D:1      | Slain by a jackal

Skill      XL: |  1  2 |
---------------+-------+-----
Spellcasting   | 3 |  3.0
Fighting       | |  0.1
Short Blades   | |  1.3
Dodging        | |  3.1
Stealth        | |  4.9
Hexes          | |  3.7

Action                   || total
-------------------------++-------
Melee: Dagger            ||    65
 Cast: Corona            ||     5
       Ensorcelled Hiber ||     5
 Stab: Sleeping          ||     8
Armor: Robe              ||     5
Dodge: Dodged            ||    61
